Map: Ever Dream LE

Players

JohnnyV

  • Race: Terran Terran
  • League: Silver
  • Spawn Location: 1:00

NamiRai - Winner!

  • Race: Protoss Protoss
  • League: Silver
  • Spawn Location: 7:00

VOD

Have the link to the VOD?

Description

Time

  • Played on: May 23, 2020, 5:25 a.m.
  • Length: 14:56
Show
View Real Time Build Order
Export as new Build Order

JohnnyV Terran 

Build Orders:  

Get SALT Encoding   

  12  0:01  SCV  
  13  0:17  Supply Depot  
  13  0:18  SCV  
  14  0:30  SCV  
  14  0:34  Refinery  
  15  0:42  Barracks  
  15  0:45  SCV  
  16  0:57  SCV  
  17  1:09  SCV  
  18  1:12  Refinery  
  18  1:21  SCV  
  18  1:22  Barracks  
  19  1:30  Reaper  
  20  1:33  SCV  
  21  1:43  Bunker  
  21  1:46  SCV  
  22  1:59  SCV  
  23  2:09  Barracks Reactor  
  23  2:18  Supply Depot  
  23  2:23  Barracks Tech Lab  
  23  2:29  Factory  
  23  2:40  SCV  
  24  2:45  Marine  
  25  2:53  Marine x2  
  26  2:59  Combat Shield  
  26  3:01  Orbital Command  
  26  3:15  Marine x2  
  28  3:26  Factory Tech Lab  
  28  3:32  SCV  
  28  3:33  Engineering Bay  
  29  3:37  Marine x2  
  31  3:49  Command Center  
  31  4:03  Supply Depot  
  31  4:08  Marine  
  31  4:21  Terran Infantry Armor Level 1  
  31  4:31  Marine, SCV, Siege Tank  
  36  4:34  Supply Depot  
  36  4:44  Marauder  
  37  4:45  Concussive Shells  
  37  4:52  SCV  
  38  5:08  Starport, Supply Depot  
  38  5:11  Marine x2, Siege Tank  
  38  5:13  Marauder  
  45  5:17  Orbital Command  
  45  5:22  SCV  
  46  5:38  Missile Turret x2  
  46  5:44  SCV x2, Sensor Tower  
  46  5:45  Marine  
  49  5:51  Medivac  
  51  5:58  Marine  
  51  5:59  Marine  
  53  6:05  Siege Tank  
  53  6:09  SCV x2  
  58  6:14  Refinery  
  58  6:19  Marine, Refinery  
  59  6:29  Supply Depot  
  59  6:37  Starport Reactor  
  59  6:40  Terran Infantry Weapons Level 1  
  59  6:43  Armory  
  59  7:11  Marine  
  59  7:12  Marine  
  59  7:13  Marauder, Siege Tank  
  66  7:15  Viking x2  
  66  7:50  Viking x2  
  65  7:56  SCV x2  
  67  8:03  Supply Depot  
  67  8:07  Terran Vehicle And Ship Armor Level 1  
  67  8:08  SCV x2, Command Center  
  67  8:11  Supply Depot  
  70  8:20  Marine x2  
  70  8:22  Marauder  
  73  8:27  Thor  
  73  8:30  SCV  
  73  8:31  SCV  
  81  8:40  Terran Infantry Armor Level 2  
  81  8:48  Armory  
  81  8:51  Barracks  
  81  8:55  Engineering Bay  
  81  9:01  SCV x2  
  83  9:05  Medivac x2  
  83  9:07  Marine, Marauder  
  83  9:09  Marine  
  91  9:25  Marine  
  92  9:33  SCV x2, Sensor Tower  
  94  9:53  SCV x2  
  94  9:56  Marine x2  
  98  10:02  Barracks  
  98  10:04  Starport  
  98  10:05  SCV  
  99  10:07  Factory  
  99  10:11  Planetary Fortress  
  99  10:16  SCV  
  99  10:17  SCV  
  101  10:31  Marine x2  
  101  10:32  Marine  
  104  10:40  Viking x2  
  108  10:46  Supply Depot  
  108  10:49  Supply Depot  
  108  10:51  Supply Depot  
  108  10:54  SCV  
  108  10:55  Starport Tech Lab  
  109  10:57  Barracks Tech Lab  
  109  10:58  Factory Tech Lab  
  109  11:05  SCV, Thor  
  116  11:15  Raven  
  118  11:19  Viking  
  118  11:20  Viking  
  118  11:23  Stimpack  
  122  11:27  Marine x2  
  116  12:04  Marine  
  116  12:05  Marine x3  
  116  12:07  Viking x2  
  124  12:22  Marine x2  
  124  12:23  Marine x2  
  124  12:24  Thor  
  134  12:40  Marine  
  134  12:41  Marauder x2  
  139  12:45  Medivac x2  
  139  12:46  Marine  
  139  12:51  Supply Depot  
  144  12:53  Supply Depot  
  144  12:58  Marine  
  145  13:01  SCV x3  
  152  13:12  Marauder x2  
  150  13:36  Viking x3  
  150  13:37  Marine x4  
  156  13:43  Refinery  
  156  13:45  Refinery  
  156  13:55  Command Center  
  137  13:56  Marauder x2  
  137  13:58  Marine x2  
  77  14:16  Marine x4  
  73  14:34  Marine x4  
Show
View Real Time Build Order
Export as new Build Order

NamiRai Protoss - Winner!

Build Orders:  

Get SALT Encoding   

  12  0:01  Probe  
  13  0:17  Pylon  
  13  0:18  Probe  
  14  0:30  Probe  
  15  0:40  Gateway  
  15  0:42  Probe (Chrono Boost)  
  16  0:52  Probe (Chrono Boost)  
  16  0:55  Assimilator  
  17  1:14  Gateway  
  17  1:19  Probe  
  18  1:31  Probe  
  19  1:37  Cybernetics Core  
  19  1:42  Pylon  
  19  1:53  Assimilator  
  19  2:00  Probe  
  20  2:12  Probe  
  21  2:18  Stalker (Chrono Boost)  
  21  2:20  Stalker (Chrono Boost)  
  23  2:24  Probe  
  26  2:36  Probe  
  26  2:58  Stalker x2  
  28  3:03  Nexus  
  30  3:08  Probe  
  31  3:31  Pylon  
  31  3:35  Pylon  
  31  3:49  Probe  
  31  3:52  Robotics Facility  
  32  3:58  Gateway  
  32  4:01  Probe  
  33  4:14  Probe (Chrono Boost)  
  33  4:16  Probe (Chrono Boost)  
  35  4:26  Probe (Chrono Boost)  
  35  4:30  Probe (Chrono Boost)  
  37  4:31  Probe (Chrono Boost)  
  37  4:38  Probe  
  39  4:41  Probe  
  39  4:43  Immortal (Chrono Boost)  
  40  4:51  Probe (Chrono Boost)  
  45  4:53  Probe (Chrono Boost)  
  45  4:54  Robotics Bay  
  46  5:03  Warp Gate (Chrono Boost)  
  46  5:05  Probe (Chrono Boost)  
  48  5:07  Stalker x2  
  48  5:08  Probe (Chrono Boost)  
  48  5:09  Assimilator  
  48  5:10  Probe (Chrono Boost), Assimilator  
  54  5:14  Probe  
  54  5:15  Observer  
  55  5:36  Observer  
  55  5:37  Probe  
  55  5:39  Probe  
  58  5:49  Probe  
  59  5:52  Probe  
  60  6:01  Probe, Pylon  
  60  6:04  Probe  
  62  6:05  Extended Thermal Lance  
  62  6:17  Nexus  
  62  6:18  Colossus  
  62  6:19  Pylon  
  62  6:23  Pylon  
  62  6:25  Probe  
  69  6:39  Forge  
  69  6:41  Twilight Council  
  69  6:47  Stalker  
  69  6:48  Assimilator, Stalker x2  
  69  6:52  Assimilator  
  75  7:14  Colossus  
  81  7:18  Stalker x2  
  85  7:24  Photon Cannon  
  85  7:52  Protoss Ground Weapons Level 1 (Chrono Boost)  
  85  7:54  Charge  
  85  8:03  Zealot x2  
  89  8:08  Warp Prism  
  89  8:12  Pylon  
  91  8:16  Pylon  
  91  8:19  Pylon  
  91  8:23  Pylon, Photon Cannon, Gravitic Boosters  
  91  8:31  Templar Archives  
  91  8:32  Probe (Chrono Boost)  
  93  8:35  Probe (Chrono Boost)  
  93  8:40  Probe (Chrono Boost)  
  94  8:44  Probe (Chrono Boost)  
  94  8:47  Probe (Chrono Boost)  
  97  8:49  Probe (Chrono Boost)  
  97  8:51  Probe (Chrono Boost)  
  97  8:52  Probe (Chrono Boost)  
  97  8:54  Probe (Chrono Boost)  
  99  8:58  Probe  
  99  8:59  Photon Cannon  
  99  9:00  Probe  
  99  9:01  Photon Cannon  
  102  9:03  Probe  
  102  9:04  Photon Cannon  
  102  9:05  Photon Cannon  
  102  9:06  Zealot x2  
  102  9:07  Zealot  
  109  9:10  Probe  
  109  9:12  Probe  
  109  9:16  Probe  
  112  9:20  Gravitic Drive  
  112  9:24  Probe  
  112  9:25  Gateway  
  112  9:27  Gateway  
  112  9:28  Probe, Gateway  
  112  9:29  Gateway  
  114  9:31  Gateway  
  114  9:34  Gateway  
  114  9:39  Blink  
  114  9:40  Gateway, Protoss Ground Armor Level 1 (Chrono Boost)  
  114  9:53  Probe  
  114  9:55  Probe  
  114  9:56  Colossus (Chrono Boost)  
  116  10:05  Probe  
  123  10:07  Probe  
  124  10:17  Probe  
  125  10:22  Pylon  
  125  10:25  High Templar x3  
  125  10:26  Pylon, High Templar  
  133  10:28  Pylon  
  133  10:31  Pylon  
  133  10:32  Nexus  
  133  10:42  Psionic Storm  
  133  10:45  Forge  
  133  10:46  Observer (Chrono Boost)  
  134  10:57  Archon x2  
  134  10:59  High Templar  
  134  11:00  High Templar x2  
  134  11:01  Observer (Chrono Boost)  
  141  11:07  High Templar  
  141  11:09  Zealot x2  
  141  11:10  Zealot x2  
  141  11:11  Zealot x2  
  153  11:13  Immortal  
  153  11:14  Archon  
  159  11:22  Photon Cannon  
  159  11:24  Photon Cannon  
  159  11:28  Archon  
  159  11:29  Pylon  
  159  11:30  Protoss Ground Weapons Level 2 (Chrono Boost)  
  159  11:33  Pylon  
  159  11:38  Protoss Ground Armor Level 2 (Chrono Boost)  
  159  11:47  Immortal (Chrono Boost)  
  157  12:10  Probe  
  158  12:19  Immortal (Chrono Boost)  
  158  12:22  Probe  
  163  12:26  Zealot  
  163  12:27  Zealot x2  
  163  12:28  Zealot x3  
  163  12:29  Zealot  
  177  12:34  Probe  
  178  12:46  Probe  
  179  12:55  Colossus  
  179  12:56  Photon Cannon  
  179  12:57  Photon Cannon  
  179  12:58  Probe  
  186  13:01  Photon Cannon  
  186  13:03  Photon Cannon  
  186  13:07  Photon Cannon  
  186  13:10  Probe  
  186  13:12  High Templar x3  
  193  13:13  High Templar  
  193  13:19  Archon  
  195  13:20  Archon  
  195  13:22  Probe  
  196  13:37  Pylon  
  168  14:01  Stalker x3  
  168  14:02  Stalker x3  
  158  14:03  Stalker x2  
Tags
 
Add a new tag
Caveats
  • Supply blocks, unpowered buildings, or Contaminate may cause inaccurate times.
  • Supply counts are checked every 10 seconds.